Map: Sequencer LE

Players

Winter - Winner!

  • Race: Zerg Zerg
  • Spawn Location: 1:00

Snute

  • Race: Zerg Zerg
  • Spawn Location: 7:00

Event: WCS Jonkoping 2017

VOD

Have the link to the VOD?

Description

Time

  • Played on: June 17, 2017, 2:19 p.m.
  • Length: 13:37

All games in this series

Show
View Real Time Build Order
Export as new Build Order

Winter Zerg - Winner!

Build Orders: Hatch First 

Get SALT Encoding   

  12  0:01  Drone  
  13  0:08  Drone  
  14  0:16  Overlord  
  14  0:22  Extractor  
  14  0:24  Drone  
  15  0:35  Drone x2  
  17  0:52  Hatchery  
  16  0:59  Drone  
  17  1:10  Spawning Pool  
  16  1:12  Drone  
  16  1:16  Drone  
  18  1:20  Drone  
  19  1:29  Overlord  
  19  1:39  Drone  
  20  1:49  Drone  
  21  1:57  Queen  
  21  1:59  Overlord  
  23  2:06  Queen  
  23  2:07  Zergling x2  
  26  2:11  Drone  
  27  2:16  Drone  
  27  2:21  Drone  
  29  2:29  Drone  
  30  2:32  Drone  
  30  2:33  Queen  
  30  2:36  Drone  
  34  2:42  Queen, Drone  
  37  2:48  Extractor  
  36  2:52  Extractor  
  36  2:54  Drone x2  
  37  2:59  Overlord  
  37  3:04  Drone  
  38  3:09  Drone x2  
  38  3:10  Drone  
  40  3:13  Queen  
  40  3:15  Drone  
  40  3:17  Queen  
  45  3:23  Drone, Overlord  
  45  3:24  Drone  
  46  3:39  Drone x2  
  46  3:40  Drone  
  48  3:42  Drone  
  49  3:48  Drone  
  49  3:49  Drone  
  49  3:50  Evolution Chamber x2, Drone  
  49  3:52  Lair  
  50  3:57  Drone  
  50  3:58  Drone  
  50  4:01  Drone x2  
  54  4:04  Drone x2  
  56  4:11  Evolution Chamber  
  56  4:13  Extractor x2  
  53  4:17  Zerg Ground Armor Level 1  
  53  4:18  Zerg Melee Weapons Level 1  
  53  4:30  Hatchery  
  52  4:33  Drone x3  
  55  4:39  Drone  
  55  4:40  Drone x3  
  55  4:44  Overlord  
  59  4:52  Infestation Pit  
  59  4:56  Queen  
  60  5:01  Overseer  
  60  5:02  Drone x2  
  60  5:03  Drone x3  
  65  5:12  Overlord x2  
  65  5:15  Drone x3  
  68  5:27  Overlord x2  
  68  5:33  Hive, Metabolic Boost  
  68  5:37  Zergling x8  
  68  5:38  Zergling x2  
  68  5:40  Overseer  
  73  5:43  Zergling x4  
  73  5:45  Drone  
  73  5:46  Drone  
  73  5:48  Drone  
  78  5:53  Drone  
  78  5:54  Drone  
  80  6:01  Drone x3  
  80  6:02  Drone  
  84  6:07  Spine Crawler  
  84  6:08  Drone x2  
  84  6:09  Spine Crawler  
  84  6:11  Overlord  
  84  6:14  Spine Crawler  
  84  6:16  Spine Crawler  
  82  6:19  Overlord x3  
  82  6:21  Zergling x4  
  82  6:22  Zergling x2  
  85  6:29  Zerg Melee Weapons Level 2, Spine Crawler  
  84  6:34  Zerg Ground Armor Level 2  
  84  6:47  Ultralisk Cavern  
  84  6:51  Overlord  
  84  6:52  Overlord  
  83  6:55  Zergling x4  
  83  6:56  Zergling x18  
  94  7:03  Zergling x12  
  94  7:04  Zergling x2  
  94  7:08  Zergling x4  
  103  7:27  Overlord x2  
  100  7:31  Adrenal Glands  
  100  7:33  Hatchery  
  100  7:35  Ultralisk x2  
  111  7:38  Chitinous Plating  
  111  7:46  Ultralisk  
  117  7:54  Ultralisk  
  121  8:02  Extractor, Drone x4  
  121  8:04  Zergling x2  
  121  8:05  Zergling x8  
  126  8:06  Overlord  
  126  8:19  Ultralisk  
  128  8:22  Zergling x2  
  128  8:23  Zergling x14  
  140  8:34  Ultralisk  
  140  8:35  Queen  
  139  8:51  Zergling x8  
  139  8:52  Zergling x10  
  148  8:56  Zerg Ground Armor Level 3  
  148  8:58  Drone x2  
  148  9:01  Extractor  
  149  9:09  Zergling x2  
  152  9:10  Zergling x16  
  144  9:29  Ultralisk  
  144  9:31  Zergling x14  
  138  9:35  Pneumatized Carapace  
  144  9:40  Zerg Melee Weapons Level 3  
  144  9:43  Zergling x10  
  149  9:57  Ultralisk  
  149  9:59  Zergling x2  
  156  10:00  Zergling x8  
  153  10:15  Ultralisk  
  153  10:16  Zergling x2  
  153  10:17  Zergling x12  
  166  10:25  Spire, Zergling x8  
  166  10:26  Zergling x4  
  171  10:30  Zergling x2  
  172  10:42  Zergling x10  
  177  10:43  Zergling x10  
  180  10:54  Overlord x2  
  173  11:12  Ultralisk x3  
  173  11:15  Zergling x4  
  173  11:16  Zergling x10  
  180  11:26  Ultralisk  
  180  11:31  Overlord x2  
  180  11:32  Extractor  
  185  11:38  Ultralisk  
  191  11:40  Zergling x2  
  192  12:00  Ultralisk  
  187  12:11  Viper x2  
  192  12:16  Zergling x14  
  199  12:32  Spire  
  197  12:49  Hatchery  
  196  12:53  Ultralisk  
  196  13:00  Zergling x4  
  176  13:15  Zergling x2  
  176  13:16  Zergling x46  
  186  13:27  Hatchery  
Show
View Real Time Build Order
Export as new Build Order

Snute Zerg 

Build Orders: Hatch First 

Get SALT Encoding   

  12  0:00  Drone  
  13  0:12  Overlord  
  13  0:16  Drone  
  14  0:30  Drone x2  
  14  0:34  Drone  
  17  0:52  Hatchery  
  17  0:54  Drone  
  17  0:57  Drone  
  17  1:00  Extractor  
  17  1:12  Spawning Pool  
  17  1:16  Drone  
  17  1:19  Drone  
  18  1:28  Drone  
  19  1:38  Overlord  
  19  1:59  Queen, Zergling x2  
  19  2:00  Zergling x2, Metabolic Boost  
  23  2:04  Queen  
  23  2:08  Zergling x2  
  26  2:14  Drone  
  26  2:15  Drone  
  28  2:22  Drone  
  29  2:28  Drone  
  30  2:32  Drone  
  30  2:34  Queen  
  33  2:38  Overlord  
  33  2:45  Drone  
  33  2:47  Drone  
  35  2:55  Drone  
  35  2:57  Drone  
  37  3:04  Drone  
  38  3:09  Drone x2  
  40  3:16  Drone x4  
  40  3:17  Overlord  
  44  3:22  Overlord  
  43  3:29  Overlord  
  43  3:30  Drone  
  43  3:36  Hatchery  
  43  3:37  Drone  
  43  3:40  Drone  
  43  3:41  Extractor  
  42  3:42  Drone  
  42  3:43  Drone x2  
  42  3:44  Drone  
  42  3:46  Drone x2  
  48  3:50  Drone  
  48  3:52  Drone  
  50  3:59  Drone  
  51  4:03  Drone  
  51  4:05  Evolution Chamber, Queen  
  51  4:06  Evolution Chamber  
  52  4:11  Hatchery  
  52  4:14  Drone x2  
  53  4:19  Drone x3  
  53  4:20  Drone  
  53  4:21  Drone  
  53  4:23  Drone  
  59  4:25  Drone  
  59  4:26  Drone  
  61  4:32  Roach Warren  
  61  4:34  Zerg Melee Weapons Level 1  
  60  4:41  Zerg Ground Armor Level 1  
  60  4:42  Zergling x2  
  60  4:43  Zergling x2  
  62  4:50  Zergling x2  
  62  4:51  Zergling x10  
  68  4:58  Spine Crawler  
  67  5:01  Zergling x8  
  67  5:02  Spine Crawler  
  67  5:06  Zergling x2  
  71  5:10  Zergling x2  
  71  5:11  Zergling x2  
  71  5:12  Overlord  
  73  5:16  Unknown  
  73  5:25  Roach x3  
  73  5:26  Overlord  
  79  5:33  Roach x4  
  87  5:38  Overlord x3  
  87  5:45  Roach  
  87  5:46  Roach x3  
  95  5:50  Overlord  
  95  5:52  Overlord  
  95  5:56  Roach  
  106  5:57  Roach x5  
  106  6:01  Extractor, Unknown  
  105  6:12  Overlord  
  105  6:13  Zergling x6  
  105  6:14  Zergling x6  
  105  6:16  Lair  
  111  6:18  Drone  
  111  6:19  Drone  
  111  6:23  Queen  
  111  6:25  Extractor x2, Zergling x14  
  120  6:30  Zerg Missile Weapons Level 1  
  120  6:31  Drone x2  
  122  6:33  Drone  
  122  6:34  Drone  
  122  6:36  Drone  
  122  6:38  Unknown  
  126  6:40  Drone x3  
  126  6:43  Drone x2  
  130  6:56  Queen x2  
  134  7:01  Hatchery  
  134  7:06  Zergling x12  
  137  7:10  Queen  
  137  7:13  Zergling x6  
  137  7:16  Zerg Melee Weapons Level 2  
  134  7:23  Drone x2  
  134  7:24  Baneling Nest  
  134  7:29  Zergling x14  
  140  7:36  Infestation Pit  
  139  7:40  Overlord  
  139  7:46  Zergling x2  
  139  7:47  Zergling x8  
  143  8:10  Centrifical Hooks  
  143  8:14  Hatchery  
  143  8:15  Hive  
  140  8:26  Zerg Missile Weapons Level 2  
  139  8:28  Roach x6  
  139  8:29  Overlord x3  
  151  8:34  Overlord  
  151  8:38  Spine Crawler  
  150  8:41  Overlord  
  150  8:54  Roach x4  
  150  8:55  Roach x13  
  182  8:56  Overlord  
  182  9:03  Roach x3  
  182  9:07  Ravager x3  
  191  9:10  Baneling  
  149  9:34  Ravager x3, Zergling x8  
  149  9:35  Zergling x30  
  169  9:46  Hydralisk Den  
  169  9:50  Ultralisk Cavern  
  169  9:51  Hatchery  
  163  10:19  Glial Reconstitution  
  163  10:22  Queen x2  
  169  10:30  Zerg Ground Armor Level 2  
  169  10:39  Queen  
  170  10:43  Queen  
  170  10:44  Zerg Melee Weapons Level 3  
  170  10:50  Zergling x22  
  170  10:51  Zergling x26  
  190  11:11  Adrenal Glands  
  190  11:17  Ultralisk  
  186  11:35  Hatchery  
  183  11:41  Hydralisk Den  
  183  11:43  Zergling x2  
  183  11:44  Zergling x34  
  181  12:31  Hatchery  
  181  12:34  Hydralisk x6  
  181  12:35  Hydralisk x2  
Tags
 
Add a new tag
Caveats
  • Supply blocks, unpowered buildings, or Contaminate may cause inaccurate times.
  • Supply counts are checked every 10 seconds.